 Dungeon Crawl Stone Soup version 0.24.1-14-gf8d2b509d9 (webtiles) character file.

Game seed: 4128649593809149451, levelgen mode: deterministic

212 mortelune the Insei (level 5, 0/35 HPs)
             Began as an Octopode Transmuter on May 17, 2020.
             Slain by an orc wizard
             ... wielding a +0 dagger
              (3 damage)
             ... on level 4 of the Dungeon.
             The game lasted 00:04:25 (4447 turns).

mortelune the Insei (Octopode Transmuter)           Turns: 4447, Time: 00:04:26

Health: 0/35       AC:  2    Str: 10    XL:     5   Next: 89%
Magic:  6/9        EV: 21    Int: 20    God:
Gold:   129        SH:  0    Dex: 17    Spells: 4/10 levels left

rFire    . . .     SeeInvis .     - Unarmed
rCold    . . .     Gourm    .   (shield currently unavailable)
rNeg     . . .     Faith    .   (helmet currently unavailable)
rPois    x         Spirit   .   (no amulet)
rElec    .         Reflect  .   o - +4 ring of intelligence
rCorr    .         Harm     .   (no ring)
MR       .....                  (no ring)
Stlth    ++........             (no ring)
HPRegen  0.11/turn              (no ring)
MPRegen  0.11/turn              (no ring)
                                (no ring)
                                (no ring)

@: spider-form
A: tiny, almost no armour, stealthy swim, (amphibious), 8 rings, (constrict 8)
a: End Transformation


You were on level 4 of the Dungeon.
You were not hungry.
You were a venomous arachnid creature.
You visited 1 branch of the dungeon, and saw 4 of its levels.

You collected 129 gold pieces.

Inventory:

Missiles
 Q - 32 arrows
Jewellery
 o - a +4 ring of intelligence (left front leg)
Wands
 t - a wand of iceblast (9)
Scrolls
 b - a scroll of remove curse {unknown}
 e - 2 scrolls of immolation {unknown}
 g - 4 scrolls of identify {unknown}
 h - 2 scrolls of enchant weapon {unknown}
 k - a scroll of noise {unknown}
 n - a scroll of amnesia {unknown}
 p - a scroll of teleportation {unknown}
Potions
 a - 2 potions of degeneration {unknown}
 d - a potion of agility {unknown}
 f - a potion of mutation {unknown}
 i - a potion of brilliance {unknown}
 j - a potion of resistance {unknown}
 l - a potion of magic {unknown}
 m - a potion of lignification {unknown}
 r - 2 potions of flight {unknown}
 s - a potion of haste
Comestibles
 c - 9 rations
 q - 2 chunks of flesh


   Skills:
 + Level 2.5 Fighting
 + Level 3.1 Dodging
 + Level 3.7 Unarmed Combat
 - Level 3.0 Spellcasting
 - Level 3.2 Transmutations


You had 4 spell levels left.
You knew the following spells:

 Your Spells              Type           Power        Failure   Level  Hunger
a - Beastly Appendage     Tmut           ###...       12%         1    None
b - Sticks to Snakes      Tmut           ###.....     16%         2    ##.....
c - Spider Form           Tmut/Pois      #.........   43%         3    ###....

Your spell library contained the following spells:

 Spells                   Type           Power        Failure   Level  Hunger
 Ice Form                 Ice/Tmut       #.......     78%         4    ####...
 Blade Hands              Tmut           ###.......   87%         5    ######.


Dungeon Overview and Level Annotations

Branches:
Dungeon (4/15)
 Temple: D:4-7

Altars:
Gozag
Yredelemnul


Innate Abilities, Weirdness & Mutations

You cannot wear most types of armour.
You are very stealthy in the water. (Stealth+)
((You are amphibious.))
You can wear up to eight rings at the same time.
((You can use your tentacles to constrict eight enemies at once.))
((Your skin changes colour to match your surroundings (Stealth+).))
((Your rubbery body absorbs attacks. (AC +1, EV +1)))


Message History

The orc throws a boomerang.
The boomerang closely misses you.
Things that are here:
an orc skeleton x2
Casting: Spider Form (safe; 22% risk of failure)
Confirm with . or Enter, or press ? or * to list all spells.
You turn into a venomous arachnid creature.
The leopard gecko barely misses you.
You bite the leopard gecko!
You kill the leopard gecko!
You barely miss the orc wizard. The orc wizard casts a spell at you.
The puff of flame hits you!
* * * LOW HITPOINT WARNING * * *
You barely miss the orc wizard.
The orc wizard hits you with a +0 dagger.
* * * LOW HITPOINT WARNING * * *
You hit the orc wizard.
The orc wizard is poisoned.
The orc wizard is lightly wounded.
The orc wizard hits you with a +0 dagger.
You die...

.#.######## .#.# .#.#
.#.###### #####
.#.#....# ..#..
##.#....# #.#.#
.#.#....# #.#.#
.#.#....#######.#)##
...'....'.......so.#
...#....##########o##
####....# #..# #....#
##.# #....#
#######.## ######
#........# #........#
#......†.# #........#


You could see an orc wizard and an orc.

Vanquished Creatures
  A crimson imp (D:3)
  2 orc priests (D:4)
  3 adders
  3 worms
  5 leopard geckos
  3 orcs
  2 ball pythons (D:3)
  7 giant cockroaches
  10 goblins
  10 hobgoblins
  2 kobolds
  2 quokkas
  12 bats
  7 frilled lizards
  6 rats
75 creatures vanquished.

Notes
Turn   | Place    | Note
-------+----------+-------------------------------------------
     0 | D:1      | mortelune the Octopode Transmuter began the quest for the
                  | Orb.
     0 | D:1      | Reached XP level 1. HP: 13/13 MP: 3/3
   152 | D:1      | Reached XP level 2. HP: 12/18 MP: 3/5
   161 | D:1      | Learned a level 2 spell: Sticks to Snakes
  1064 | D:1      | Reached XP level 3. HP: 21/23 MP: 6/6
  1069 | D:1      | Learned a level 3 spell: Spider Form
  1408 | D:2      | Found a basalt altar of Yredelemnul.
  2405 | D:2      | Reached XP level 4. HP: 19/28 MP: 5/7
  3909 | D:3      | Reached XP level 5. HP: 30/34 MP: 9/9
  4327 | D:4      | Found an opulent altar of Gozag.
  4447 | D:4      | Slain by an orc wizard

Levels and vault maps discovered:
D:1:      dpeg_arrival_oval, layout_basic, minmay_stone_trees_small,
          minmay_pentomino_u2
D:2:      layout_rooms, overflow_temple_1_default
D:3:      layout_loops_ring, first_ration, minmay_misc_feat_rows,
          grunt_ministairs_3, serial_bayou_lagoon_b
D:4:      layout_basic, kennysheep_mini_moat, lemuel_doored_altar

Skill      XL: |  1  2  3  4  5 |
---------------+----------------+-----
Transmutations | 3 |  3.2
Spellcasting   | 3 |  3.0
Fighting       | 2 |  2.5
Dodging        | 3 |  3.1
Unarmed Combat | |  3.7

Action                   |  1- 3 |  4- 6 || total
-------------------------+-------+-------++-------
Melee: Unarmed           |    86 |    87 ||   173
       Constrict         |    25 |    18 ||    43
       Tentacles         |    19 |    13 ||    32
       Kick              |     4 |     1 ||     5
       Punch             |     2 |     2 ||     4
 Cast: Beastly Appendage |     6 |     2 ||     8
       Spider Form       |       |     6 ||     6
 Stab: Sleeping          |     5 |     6 ||    11
       Distracted        |       |     1 ||     1
  Eat: Chunk             |     4 |     8 ||    12
Armor: Skin              |    15 |     7 ||    22
Dodge: Dodged            |    57 |    58 ||   115
